 Dungeon Crawl Stone Soup version 0.31.0-11-ge490571c62 (webtiles) character file.

Game seed: 18061026137812242591

627 Curundu the Chopper (level 7, -4/78 (79) HPs)
             Began as a Demonspawn Berserker on Feb 7, 2024.
             Was a Priest of Trog.
             Splashed by a jelly's acid (8 damage)
             ... on level 4 of the Dungeon.
             The game lasted 00:13:33 (3424 turns).

Curundu the Chopper (Demonspawn Berserker)          Turns: 3424, Time: 00:13:33

HP:   -4/78 (79)    AC:  0    Str: 19    XL:     7   Next: 23%
MP:   7/7           EV:  8    Int:  8    God:    Trog [***...]
Gold: 349           SH:  4    Dex: 12    Spells: 6/6 levels left

rFire   . . .        a - +0 hand axe
rCold   . . .        (no shield)
rNeg    . . .        c - +0 chain mail
rPois   .            (no helmet)
rElec   .            (no cloak)
rCorr   .            u - +0 pair of gloves
SInv    .            (no boots)
Will    .....        (no amulet) Stlth
                     i - ring of flight
HPRegen 0.33/turn    (no ring)
MPRegen 0.10/turn

%: no passive effects
@: berserking, corroded, flying, lightly drained, very quick
A: molten scales 1, condensation shield, demonic magic 1
a: Renounce Religion, Berserk, Trog's Hand


You were on level 4 of the Dungeon.
You worshipped Trog.
Trog was most pleased with you.
You visited 1 branch of the dungeon, and saw 4 of its levels.

You collected 349 gold pieces.

Inventory:

Hand Weapons
 a - a +0 hand axe (weapon)
Missiles
 d - a throwing net (quivered)
 k - a boomerang
Armour
 c - a +0 chain mail (worn)
 u - a +0 pair of gloves (worn)
Jewellery
 i - a ring of flight (left hand)
Scrolls
 f - a scroll of blinking {unknown}
 h - a scroll of identify {unknown}
 j - a scroll of enchant armour {unknown}
 n - a scroll of poison {unknown}
 o - a scroll of fear {unknown}
 p - a scroll of vulnerability {unknown}
 q - a scroll of silence {unknown}
 s - a scroll of brand weapon {unknown}
 t - a scroll of teleportation
 v - a scroll of fog {unknown}
 w - a scroll of amnesia {unknown}
Potions
 b - a potion of might {unknown}
 e - a potion of brilliance {unknown}
 g - a potion of heal wounds {unknown}
 l - a potion of curing {unknown}
 m - a potion of attraction {unknown}
 r - a potion of degeneration {unknown}


   Skills:
 + Level 3.9 Fighting
 + Level 4.7 Axes
 * Level 4.0 Armour
 * Level 2.7 Dodging
 - Level 0.3 Stealth
 * Level 2.0 Shields
 * Level 2.2 Evocations


You had 6 spell levels left.
You didn't know any spells.
Your spell library was empty.

Dungeon Overview and Level Annotations

Branches:
Dungeon (4/15)
 Temple: D:4-7

Altars:
Fedhas
Qazlal
Trog
Yredelemnul

Shops:
D:1 (   D:4 ?


Innate Abilities, Weirdness & Mutations

You are partially covered in molten scales. (AC +2)
A meltable shield of frost defends you. (SH +4)
Spells you cast may paralyse adjacent enemies.


Message History

You hit the scorpion.
You kill the scorpion!
Trog accepts your kill.
Your Armour skill increases to level 4!
Your Shields skill increases to level 2!
Found a stone staircase leading down.
A jelly comes into view.
The jelly quivers.
You block the jelly's attack. The jelly barely misses you.
You hit the jelly. The acid corrodes you!
Your hands burn!
The jelly is lightly wounded.
The jelly misses you.
You slash the jelly! The acid corrodes you!
Your hands burn!
The jelly is severely wounded.
The jelly barely misses you.
You hit the jelly but do no damage.
Your hands burn!
The jelly is severely wounded.
The jelly closely misses you. The jelly hits you.
You are splashed with acid!
You hit the jelly. The acid corrodes you!
Your hands burn!
The jelly is severely wounded.
The jelly hits you. The acid corrodes you!
You are splashed with acid!
You hit the jelly but do no damage.
Your hands burn!
The jelly is severely wounded.
You block the jelly's attack.
You hit the jelly but do no damage.
Your hands burn!
You punch the jelly.
The jelly is almost dead.
The jelly hits you.
* * * LOW HITPOINT WARNING * * *
You are splashed with acid!
* * * LOW HITPOINT WARNING * * *
You hit the jelly but do no damage.
Your hands burn!
* * * LOW HITPOINT WARNING * * *
The jelly is almost dead.
The jelly closely misses you.
A red film seems to cover your vision as you go berserk!
You feel yourself moving faster!
You feel mighty! The jelly hits you.
* * * LOW HITPOINT WARNING * * *
You are splashed with acid!
You die...

.....###................##...#
...### ##........##........##
#†.## ##.......#.......#....# .
....###.......##....#.###...###..
.......<............#.####.......
..#...##...............###...#...
..#...##....................## #.
.###...#...PP...#(.......#..#
.#.#.......P..♣J@......###.##
.....##.##....♣........# #..
###.#.#.##......##.##..# #.##
###.#...#...........##......
##........).........##.....#
##.#......)........#######.#
...#.......).#...<## #
..[#.........#....#
...##........#.....


You could see a jelly.

Vanquished Creatures
  Sigmund (D:3)
  Menkaure (D:4)
  A scorpion (D:4)
  A bombardier beetle (D:4)
  A hound (D:3)
  An iguana (D:4)
  An orc wizard (D:4)
  Robin (D:2)
  8 adders
  2 dart slugs
  2 ribbon worms
  7 orcs
  3 bats
  5 endoplasms
  2 giant cockroaches
  12 goblins
  10 hobgoblins
  A quokka (D:1)
  5 ball pythons
  4 frilled lizards
  7 kobolds
  8 rats
84 creatures vanquished.

Notes
Turn   | Place    | Note
-------+----------+-------------------------------------------
     0 | D:1      | Curundu the Demonspawn Berserker began the quest for the
                  | Orb.
     0 | D:1      | Reached XP level 1. HP: 18/18 MP: 1/1
   168 | D:1      | Found Eneme's Antique Weapon Shop.
   262 | D:1      | Gained mutation: You are partially covered in molten
                  | scales. (AC +2) [demonic ancestry]
   262 | D:1      | Reached XP level 2. HP: 24/24 MP: 2/2
   972 | D:2      | Found a faded altar of an unknown god.
  1107 | D:2      | Gained mutation: Spells you cast may paralyse adjacent
                  | enemies. [demonic ancestry]
  1107 | D:2      | Reached XP level 3. HP: 29/29 MP: 3/3
  1360 | D:2      | Reached ** piety under Trog
  1475 | D:2      | Noticed Robin
  1489 | D:2      | Killed Robin
  1490 | D:2      | Reached XP level 4. HP: 19/35 MP: 4/4
  1900 | D:3      | Found a stormy altar of Qazlal.
  1939 | D:3      | Noticed a moth of wrath
  1941 | D:3      | Found a bloodstained altar of Trog.
  2035 | D:3      | Found a blossoming altar of Fedhas.
  2085 | D:3      | Found a basalt altar of Yredelemnul.
  2384 | D:3      | Noticed Sigmund
  2402 | D:3      | Killed Sigmund
  2403 | D:3      | Reached skill level 1 in Shields
  2403 | D:3      | Reached skill level 1 in Evocations
  2403 | D:3      | Reached XP level 5. HP: 32/42 MP: 5/5
  2403 | D:3      | Reached XP level 6. HP: 37/48 MP: 6/6
  2623 | D:3      | Noticed an angel
  2857 | D:4      | Reached *** piety under Trog
  2963 | D:4      | Noticed Menkaure
  2976 | D:4      | Killed Menkaure
  3022 | D:4      | Gained mutation: A meltable shield of frost defends you.
                  | (SH +4) [demonic ancestry]
  3022 | D:4      | Reached XP level 7. HP: 27/47 MP: 7/7
  3159 | D:4      | Found Moupnuta's Magic Scroll Boutique.
  3424 | D:4      | Splashed by a jelly's acid

Illustrated notes

Levels and vault maps discovered:
D:1:      lightli_arrival_quake, layout_basic, serial_shops, shop_coins
D:2:      layout_loops_cross, ebering_ecumenical_altar_rust, uniq_robin
D:3:      layout_basic, grunt_temple_overflow_forces_of_nature, tgw_trog,
          amcnicky_altar_gilded, zin_angel, uniq_sigmund
D:4:      layout_cave_pools, serial_park, serial_park_tiny_2, serial_park_gazebo
          [serial_park_minivault_5x5_3], serial_park_square1
          [serial_park_minivault_5x5_2], serial_park_tiny_2,
          nicolae_alphabet_shops, nicolae_inconvenience_store,
          serial_bayou_ford_a, fountainhead, uniq_blork_the_orc, uniq_menkaure

Skill      XL: |  1  2  3  4  5  6  7 |
---------------+----------------------+-----
Axes           | 3 4 |  4.7
Armour         | 2 3 4 |  4.0
Dodging        | 2 |  2.7
Shields        | 1 2 |  2.0
Evocations     | 1 2 |  2.2
Fighting       | |  3.9
Stealth        | |  0.3

Action                     |  1- 3 |  4- 6 |  7- 9 || total
---------------------------+-------+-------+-------++-------
  Melee: Hand axe          |   131 |   163 |    43 ||   337
         Punch             |     2 |       |     1 ||     3
 Invoke: Trog's Hand       |       |     2 |       ||     2
         Berserk           |       |       |     1 ||     1
    Use: Scroll            |     1 |       |       ||     1
   Stab: Sleeping          |     1 |       |       ||     1
 Armour: Animal skin       |     9 |       |       ||     9
         Chain mail        |   100 |   144 |    24 ||   268
  Dodge: Dodged            |    79 |    70 |    17 ||   166
  Block: Other             |       |       |     9 ||     9
